 Dungeon Crawl Stone Soup version 0.25.1-2-g60ff931df9 (webtiles) character file.

Game seed: 15509129651431312954

44 hawla the Sneak (level 3, -17/30 HPs)
             Began as a Minotaur Assassin on Oct 4, 2020.
             Demolished by an ogre
             ... wielding a +0 giant spiked club
              (19 damage)
             ... on level 2 of the Dungeon.
             The game lasted 00:03:19 (1115 turns).

hawla the Sneak (Minotaur Assassin)                 Turns: 1115, Time: 00:03:20

Health: -17/30     AC: 12    Str: 16    XL:     3   Next: 41%
Magic:  2/2        EV:  7    Int:  8    God:
Gold:   54         SH:  0    Dex: 11    Spells: 2/2 levels left

rFire    . . .     SeeInvis .   j - -1 mace
rCold    . . .     Gourm    .   (no shield)
rNeg     . . .     Faith    .   l - +0 storm dragon scales
rPois    .         Spirit   .   (helmet restricted)
rElec    +         Reflect  .   c - +0 cloak
rCorr    .         Harm     .   k - +0 pair of gloves
MR       .....                  (no boots)
Stlth    ..........             (no amulet)
HPRegen  0.10/turn              (no ring)
MPRegen  0.08/turn              (no ring)

@: no status effects
A: retaliatory headbutt, horns 2
a: no special abilities


You were on level 2 of the Dungeon.
You were not hungry.

You visited 1 branch of the dungeon, and saw 2 of its levels.

You collected 54 gold pieces.

Inventory:

Hand Weapons
 a - a +2 dagger
 j - a -1 mace (weapon)
Missiles
 d - 3 poisoned darts (quivered)
 e - 2 curare-tipped darts
Armour
 c - a +0 cloak (worn)
 k - a +0 pair of gloves (worn)
 l - +0 storm dragon scales (worn)
Scrolls
 g - a scroll of teleportation {unknown}
 i - 3 scrolls of identify
 n - a scroll of blinking {unknown}
Potions
 b - a potion of resistance
 m - 3 potions of might
 o - a potion of lignification {unknown}
Comestibles
 f - 3 rations
 h - 2 chunks of flesh


   Skills:
 + Level 2.6 Fighting
 + Level 2.7 Short Blades
 + Level 1.1 Maces & Flails
 + Level 2.0 Throwing
 + Level 0.2 Armour
 + Level 1.6 Dodging
 + Level 3.8 Stealth


You had 2 spell levels left.
You didn't know any spells.
Your spell library was empty.

Dungeon Overview and Level Annotations

Branches:
Dungeon (2/15)

Altars:


Innate Abilities, Weirdness & Mutations

You reflexively headbutt those who attack you in melee.
You have a pair of horns on your head.


Message History

You kill the kobold!
Throwing (i - inventory. (/) - cycle)
d - 5 poisoned darts (quivered)
Press: ? - help, Shift-Dir - straight line, f/p - ogre
Aim: an ogre, wielding a +0 giant spiked club (almost dead)
You throw a poisoned dart.
The poisoned dart barely misses the ogre.
The poisoned dart hits the dart slug.
Throwing (i - inventory. (/) - cycle)
d - 4 poisoned darts (quivered)
Press: ? - help, Shift-Dir - straight line, f/p - ogre
Aim: an ogre, wielding a +0 giant spiked club (almost dead)
You throw a poisoned dart. The poisoned dart hits the ogre.
The ogre is poisoned.
The ogre is almost dead.
The ogre hits you with a +0 giant spiked club!
* * * LOW HITPOINT WARNING * * *
You hit the ogre but do no damage.
The ogre is almost dead.
The ogre hits you with a +0 giant spiked club!!
Ouch! That really hurt!
You die...

...####. ......... . ..
.. ......>. .........#
.#.. .# ##.####.
.........# ... .#
.....#. .........###..
.# ........
...........#b# .#
......#. ..)......#.#.#
.###+## #.......
.........#.#.####...%..#
#.#####.
............(rwO@....(.#
# #.
######...##.#####.....#
###. #...##..# ....#
#... #####...###.# ...#
#... #.....### .# ..#
#... #.....# .# .# #...
#.....#####.# # ###...
#............ #...#+
#..........#. #.#.#.


You could see an ogre (poisoned), a dart slug and a quokka.

Vanquished Creatures
  An adder (D:2)
  A leopard gecko (D:2)
  3 giant cockroaches
  5 goblins
  2 hobgoblins
  5 kobolds
  A quokka (D:2)
  7 bats
  8 frilled lizards
  2 rats
35 creatures vanquished.

Notes
Turn   | Place    | Note
-------+----------+-------------------------------------------
     0 | D:1      | hawla the Minotaur Assassin began the quest for the Orb.
     0 | D:1      | Reached XP level 1. HP: 18/18 MP: 0/0
   279 | D:1      | Reached XP level 2. HP: 25/25 MP: 1/1
   633 | D:2      | Reached XP level 3. HP: 19/30 MP: 2/2
   922 | D:2      | Reached skill level 1 in Maces & Flails
  1086 | D:2      | Noticed an ogre
  1115 | D:2      | Demolished by an ogre

Illustrated notes

Levels and vault maps discovered:
D:1:      minmay_arrival_four_circles, layout_rooms
D:2:      layout_basic, first_ration

Skill      XL: |  1  2  3 |
---------------+----------+-----
Maces & Flails | 1 |  1.1
Fighting       | |  2.6
Short Blades   | |  2.7
Throwing       | |  2.0
Armour         | |  0.2
Dodging        | |  1.6
Stealth        | |  3.8

Action                   || total
-------------------------++-------
Melee: Dagger            ||     9
       Mace              ||    72
       Headbutt          ||     8
Throw: Dart              ||     5
  Use: Scroll            ||     4
  Eat: Chunk             ||     1
Armor: Robe              ||     2
       Storm dragon scal ||    62
Dodge: Dodged            ||    51
